 Dungeon Crawl Stone Soup version 0.28-a0-850-g09de17f5b5 (webtiles) character file.

Game seed: 9028673753973798633

3410 BinkBink the Destroyer (level 10, -3/70 HPs)
             Began as a Human Conjurer on Nov 14, 2021.
             Was a Follower of Vehumet.
             Slain by a two-headed ogre (12 damage)
             ... on level 8 of the Dungeon.
             The game lasted 00:36:55 (11595 turns).

BinkBink the Destroyer (Human Conjurer)            Turns: 11595, Time: 00:36:56

Health: -3/70      AC: 10    Str:  8    XL:     10   Next: 25%
Magic:  26/31      EV: 12    Int: 22    God:    Vehumet [*.....]
Gold:   85         SH:  0    Dex: 11    Spells: 23/26 levels left

rFire   . . .      SeeInvis .   b - staff of conjuration
rCold   . . .      Faith    .   (no shield)
rNeg    . . .      Spirit   .   H - +1 steam dragon scales
rPois   .          Reflect  .   A - +0 hat
rElec   .          Harm     .   (no cloak)
rCorr   .          Rampage  .   (no gloves)
Will    .....                   (no boots)
Stlth   ++........              E - amulet of magic regeneration
HPRegen 0.21/turn               x - ring of magical power
MPRegen 0.47/turn               C - +4 ring of protection

@: no status effects
A: no striking features
a: Renounce Religion


You were on level 8 of the Dungeon.
You worshipped Vehumet.
Vehumet was aware of your devotion.
You visited 2 branches of the dungeon, and saw 9 of its levels.

You collected 253 gold pieces.
You spent 168 gold pieces at shops.

Inventory:

Hand Weapons
 t - a +0 dagger of protection
 u - a +1 dagger of protection
Armour
 a - a +0 robe
 A - a +0 hat (worn)
 H - +1 steam dragon scales (worn)
Magical Staves
 b - a staff of conjuration (weapon)
Jewellery
 w - a ring of protection from cold
 x - a ring of magical power (left hand)
 C - a +4 ring of protection (right hand)
 E - an amulet of magic regeneration (around neck)
Wands
 i - a wand of flame (13)
 r - a wand of charming (12)
 B - a wand of iceblast (12)
 G - a wand of polymorph (5)
Scrolls
 d - 2 scrolls of amnesia
 e - 2 scrolls of fog
 k - a scroll of enchant armour
 o - 5 scrolls of enchant weapon
 q - a scroll of immolation
 y - 2 scrolls of noise
 z - a scroll of fear
Potions
 c - a potion of attraction {unknown}
 f - 3 potions of invisibility {unknown}
 g - 3 potions of brilliance {unknown}
 h - a potion of lignification {unknown}
 j - 2 potions of mutation {unknown}
 l - 7 potions of curing
 m - a potion of degeneration {unknown}
 s - 2 potions of might {unknown}
 D - a potion of ambrosia {unknown}
 I - a potion of heal wounds {unknown}


   Skills:
 + Level 3.0 Fighting
 * Level 2.1 Staves
 - Level 2.0 Dodging
 - Level 2.0 Stealth
 + Level 8.9 Spellcasting
 + Level 10.0 Conjurations
 * Level 2.1 Evocations


You had 23 spell levels left.
You knew the following spells:

 Your Spells              Type           Power      Damage    Failure   Level
a - Magic Dart            Conj           100%       1d8       1%          1
b - Searing Ray           Conj           100%       2d8       1%          2

Your spell library contained the following spells:

 Spells                   Type           Power      Damage    Failure   Level
 Foxfire                  Conj/Fire      100%       2x1d9     1%          1
 Dazzling Flash           Conj/Hex       94%        N/A       2%          3
 Animate Skeleton         Necr           18%        N/A       7%          1
 Pain                     Necr           36%        1d5       7%          1
 Slow                     Hex            36%        N/A       7%          1
 Summon Small Mammal      Summ           36%        N/A       7%          1
 Fulminant Prism          Conj/Hex       23%        3d13      9%          4
 Iskenderun's Mystic Bla  Conj/Tloc      47%        2d10      9%          4
 Corpse Rot               Necr/Air       18%        N/A       11%         2
 Call Canine Familiar     Summ           9%         N/A       21%         3
 Confusing Touch          Hex            9%         N/A       21%         3
 Frozen Ramparts          Ice            18%        1d3       21%         3
 Gell's Gravitas          Tloc           9%         N/A       21%         3
 Lesser Beckoning         Tloc           9%         N/A       21%         3
 Summon Guardian Golem    Hex/Summ       9%         N/A       21%         3
 Teleport Other           Tloc           9%         N/A       21%         3
 Vampiric Draining        Necr           9%         2d6       21%         3
 Dispel Undead            Necr           9%         3d8       56%         4
 Ice Form                 Ice/Tmut       9%         N/A       56%         4
 Summon Ice Beast         Ice/Summ       9%         N/A       56%         4
 Death Channel            Necr           4%         N/A       100%        6


Dungeon Overview and Level Annotations

Branches:
Dungeon (8/15)             Temple (1/1) D:5
   Lair: D:8-11

Altars:
Ashenzari
Cheibriados
Dithmenos
Elyvilon
Fedhas
Gozag
Hepliaklqana
Kikubaaqudgha
Makhleb
Nemelex Xobeh
Okawaru
Qazlal
Ru
Sif Muna
Trog
Uskayaw
Vehumet
Wu Jian
Xom
Yredelemnul
Zin
The Shining One

Shops:
D:4 ?

Annotations:
D:8 3 runed translucent doors, Gastronok; Multipenetrator's ghost, novice DsCj


Message History

There is an open door here.
Things that are here:
a +0 robe; a +0 short sword
Things that are here:
a +5 falchion; a +0 robe
Casting: Searing Ray (safe; 1% risk of failure)
Confirm with . or Enter, or press ? or * to list all spells.
Aiming: Searing Ray (safe; 1% risk of failure)
Press: ? - help, Shift-Dir - straight line, f/p - two-headed ogre
Aim: a two-headed ogre, wielding a +0 giant spiked club and a +0 giant club (heavily wounded, 92% to hit)
You feel a surge of power!
The searing ray hits the two-headed ogre.
The two-headed ogre is heavily wounded. (Press . to maintain the ray.)
The two-headed ogre hits you with a +0 giant spiked club!!
The two-headed ogre hits you with a +0 giant club!
The searing ray hits the two-headed ogre.
The two-headed ogre is severely wounded.
The two-headed ogre hits you with a +0 giant spiked club!!
* * * LOW HITPOINT WARNING * * *
The two-headed ogre closely misses you.
The searing ray misses the two-headed ogre.
The two-headed ogre completely misses you.
The two-headed ogre barely misses you.
The searing ray hits the two-headed ogre!
The two-headed ogre is almost dead.
You finish channelling your searing ray.
Casting: Searing Ray (safe; 1% risk of failure)
Confirm with . or Enter, or press ? or * to list all spells.
Aiming: Searing Ray (safe; 1% risk of failure)
Press: ? - help, Shift-Dir - straight line, f/p - two-headed ogre
Aim: a two-headed ogre, wielding a +0 giant spiked club and a +0 giant club (almost dead, 92% to hit)
You feel a surge of power!
The searing ray misses the two-headed ogre. (Press . to maintain the ray.)
The two-headed ogre closely misses you. The two-headed ogre barely misses you.
The searing ray hits the two-headed ogre.
The two-headed ogre is almost dead.
The two-headed ogre hits you with a +0 giant spiked club!
You die...

######..##.....#
####..####..###'###
###........##.####..#
##...........#.#..#..#
#..............#.#.###
##............)#.#..#
###..†........####.# #
###.........###'#### #
###
###........@O[...## ##
..###
###..#########..## ##.
....### ####
##..#######.. ......##
##........... .......#
## ##.#####...##.
.......# ##.## ##.##
#...... ......# ##...#
##.## ##.####
......####....# ##..#
#.##
†.............###..##
#.>###


You could see a two-headed ogre.

Vanquished Creatures
  A wyvern (D:8)
  A yak (D:8)
  A steam dragon (D:7)
  2 water moccasins
  An orc warrior (D:8)
  2 necrophages (D:5)
  2 ogres
  A centaur (D:5)
  A kobold brigand (D:7)
  3 bullfrogs
  A wyvern zombie (D:7)
  A water moccasin skeleton (D:4)
  2 water moccasin zombies (D:5)
  11 killer bees (D:7)
  7 wights (D:8)
  A howler monkey (D:7)
  2 centaur zombies
  A jelly (D:4)
  A gnoll shaman (D:7)
  8 hounds
  A centaur skeleton (D:6)
  Ijyb (D:3)
  Terence (D:3)
  2 bullfrog skeletons
  2 iguanas
  Natasha (thrice) (D:3)
  5 orc wizards
  A howler monkey zombie (D:7)
  3 adders
  5 gnolls (D:7)
  A shadow imp (D:7)
  A white imp (D:6)
  2 ufetubi
  An adder skeleton (D:5)
  A worm (D:2)
  A dart slug (D:1)
  15 orcs
  9 ball pythons
  7 endoplasms
  2 giant cockroaches
  12 goblins
  11 hobgoblins
  2 quokkas
  4 bats
  2 frilled lizards
  12 kobolds
  5 rats
162 creatures vanquished.

Notes
Turn   | Place    | Note
-------+----------+-------------------------------------------
     0 | D:1      | BinkBink the Human Conjurer began the quest for the Orb.
     0 | D:1      | Reached XP level 1. HP: 13/13 MP: 3/3
   231 | D:1      | Reached XP level 2. HP: 19/19 MP: 0/5
   353 | D:1      | Learned a level 2 spell: Searing Ray
   683 | D:1      | Reached XP level 3. HP: 24/24 MP: 2/6
  1438 | D:2      | Reached XP level 4. HP: 30/30 MP: 5/7
  1466 | D:2      | Reached skill level 5 in Conjurations
  2650 | D:3      | Noticed Natasha
  2657 | D:3      | Killed Natasha
  2658 | D:3      | Reached XP level 5. HP: 29/35 MP: 0/9
  2739 | D:3      | Noticed Ijyb
  2778 | D:3      | Killed Ijyb
  2797 | D:3      | Noticed Natasha
  2976 | D:3      | Killed Natasha
  3079 | D:3      | Noticed Terence
  3120 | D:3      | Killed Terence
  3279 | D:3      | Noticed Natasha
  3310 | D:3      | Killed Natasha
  3311 | D:3      | Reached skill level 6 in Conjurations
  3311 | D:3      | Reached XP level 6. HP: 37/41 MP: 1/11
  3790 | D:4      | Found Ziemevur's Magic Scroll Shoppe.
  3797 | D:4      | Bought a scroll of identify for 28 gold pieces
  4221 | D:3      | Reached XP level 7. HP: 25/47 MP: 0/13
  4903 | D:4      | Reached skill level 1 in Fighting
  5310 | D:4      | Bought a scroll of noise for 14 gold pieces
  5310 | D:4      | Bought a scroll of fear for 49 gold pieces
  5326 | D:5      | Entered Level 5 of the Dungeon
  5455 | D:5      | Reached skill level 7 in Conjurations
  5566 | D:5      | Reached skill level 5 in Spellcasting
  5776 | D:5      | Reached XP level 8. HP: 54/54 MP: 9/15
  6741 | D:5      | Found a staircase to the Ecumenical Temple.
  6750 | D:5      | Reached skill level 8 in Conjurations
  6754 | Temple   | Entered the Ecumenical Temple
  6807 | Temple   | Became a worshipper of Vehumet
  8334 | D:4      | Bought a scroll of identify for 28 gold pieces
  8334 | D:4      | Bought a scroll of amnesia for 49 gold pieces
  8568 | D:7      | Reached XP level 9. HP: 48/61 MP: 19/19
  8748 | D:7      | Reached skill level 9 in Conjurations
  9621 | D:4      | Identified a scroll of acquirement
  9623 | D:4      | Acquired a staff of conjuration
 10227 | D:8      | Reached * piety under Vehumet
 10227 | D:8      | Offered knowledge of Foxfire by Vehumet.
 10606 | D:8      | Reached skill level 1 in Staves
 10606 | D:8      | Reached XP level 10. HP: 62/63 MP: 22/22
 10622 | D:8      | Found a runed translucent gate.
 10622 | D:8      | Found a runed translucent gate.
 10622 | D:8      | Found a runed translucent gate.
 10623 | D:8      | Found an opulent altar of Gozag.
 10623 | D:8      | Noticed Multipenetrator's ghost (novice DsCj)
 10641 | D:8      | Noticed Gastronok
 10714 | D:8      | Reached skill level 1 in Evocations
 11259 | D:8      | Found an ornate altar of the Wu Jian Council.
 11370 | D:8      | Identified the +1 robe of Nuos Hea {rN+}
 11414 | D:8      | Noticed a two-headed ogre
 11555 | D:8      | Reached skill level 10 in Conjurations
 11595 | D:8      | Slain by a two-headed ogre

Illustrated notes

Levels and vault maps discovered:
D:1:      shiori_shiawase, layout_loops_cross
D:2:      layout_basic
D:3:      layout_rooms, kennysheep_generic_room_2, uniq_natasha, uniq_ijyb,
          uniq_terence
D:4:      layout_cave_pools, serial_shops, shop
D:5:      layout_basic, minmay_temple_entry_enclosed_plants, serial_glass,
          glass_columns_a, glass_columns_c, due_unseen_surprise,
          item_on_display_a, minmay_strange_pillars
D:6:      lemuel_ice_spiral_2, layout_basic, minmay_strange_pillars,
          kennysheep_generic_room_12
D:7:      layout_rooms, hangedman_abyss_or_decor_lesser_grid,
          chequers_serial_rivers_small_3, minmay_bent
D:8:      minmay_the_grid_octo_tiled_squarecenter [minmay_the_grid_octo_clover,
          minmay_the_grid_octo_vomiting_pacman, minmay_the_grid_octo_teeth,
          minmay_the_grid_octo_clover_2,
          minmay_the_grid_square_5x5_megaprize_open,
          minmay_the_grid_square_5x5_shuriken,
          minmay_the_grid_square_5x5_doubleslash,
          minmay_the_grid_square_5x5_three_walls,
          minmay_the_grid_square_5x5_tetrominoes], layout_cave_pods,
          mainiacjoe_overflow_surrounded_room, ebering_ghost_gozag,
          nicolae_ossuary_entry_ruins, grunt_decor_fettered, minmay_checkerbox,
          uniq_maggie, uniq_gastronok
Temple:   mainiacjoe_temple_hex_bubbles

Skill      XL: |  1  2  3  4  5  6  7  8  9 10 |
---------------+-------------------------------+-----
Conjurations   | 5 6 7 8 9 10 | 10.0
Spellcasting   | 3 4 5 6 8 |  8.9
Fighting       | 1 2 3 |  3.0
Staves         | 1 2 |  2.1
Evocations     | 2 |  2.1
Dodging        | |  2.0
Stealth        | |  2.0

Action                   |  1- 3 |  4- 6 |  7- 9 | 10-12 || total
-------------------------+-------+-------+-------+-------++-------
Melee: Unarmed           |       |    11 |       |       ||    11
 Cast: Magic Dart        |    59 |    72 |   120 |    67 ||   318
       Searing Ray       |     3 |    26 |    64 |    19 ||   112
  Use: Scroll            |       |       |    10 |     1 ||    11
       Potion            |       |       |     1 |       ||     1
Armor: Robe              |     2 |     7 |    14 |       ||    23
       Steam dragon scal |       |       |     1 |    10 ||    11
Dodge: Dodged            |     1 |    40 |    59 |    20 ||   120

Table legend: (Time is in decaauts)
 A = Elapsed time spent in this place.
 B = Non-inter-level travel time spent in this place.
 C = Inter-level travel time spent in this place.
 D = Time resting spent in this place.
 E = Time spent auto-exploring this place.
 F = Levels seen in this place.
 G = Mean time per level.
                   A        B        C        D        E       F      G
               +--------+--------+--------+--------+--------+-----+--------+
         Total |  11642 |  10919 |    723 |     67 |   8979 |   9 | 1293.6 |
       Dungeon |  11362 |  10656 |    706 |     67 |   8721 |   8 | 1420.2 |
        Temple |    279 |    262 |     17 |      0 |    258 |   1 |  279.0 |
               +--------+--------+--------+--------+--------+-----+--------+

Top non-repeatable levels by time:
     D:3: 1883 daAuts
     D:5: 1688 daAuts
     D:8: 1578 daAuts
     D:7: 1342 daAuts
     D:4: 1321 daAuts
     D:1: 1226 daAuts
     D:6: 1185 daAuts
     D:2: 1136 daAuts
  Temple: 279 daAuts
